 Dungeon Crawl Stone Soup version 0.23.2-1-ga50397a6bc (webtiles) character file.

Game seed: 5666566254299904094

5012 MachJacob the Basher (level 10, 0/57 HPs)
             Began as a Gargoyle Fighter on Apr 17, 2019.
             Was an Elder of Hepliaklqana.
             Slain by a death yak (13 damage)
             ... on level 9 of the Dungeon on Apr 18, 2019.
             The game lasted 01:06:10 (7214 turns).

MachJacob the Basher (Gargoyle Fighter)             Turns: 7214, Time: 01:06:11

Health: 0/57       AC: 30    Str: 26    XL:     10   Next: 54%
Magic:  0/10       EV:  7    Int:  9    God:    Hepliaklqana [****..]
Gold:   487        SH: 11    Dex: 11    Spells: 9/9 levels left

rFire    + + .     SeeInvis .   I - +2 flail (protect)
rCold    . . .     Gourm    .   s - +0 shield
rNeg     + . .     Faith    .   x - +3 chain mail {rF+}
rPois    ∞         Spirit   +   (no helmet)
rElec    +         Reflect  .   L - +0 cloak {rPois}
rCorr    .         Harm     .   u - +0 pair of gloves
MR       .....                  (no boots)
Stlth    ..........             q - amulet of guardian spirit
HPRegen  0.19/turn              w - ring of protection from fire
MPRegen  0.12/turn              (no ring)

@: mighty, protection aura
A: reduced essence, negative energy resistance 1, electricity resistance,
unbreathing, petrification resistance, rot immunity, AC +7
a: Recall Ancestor, Ancestor Identity, Transference, Idealise, Renounce Religion


You were on level 9 of the Dungeon.
You worshipped Hepliaklqana.
Hepliaklqana was greatly pleased with you.
You were hungry.

You visited 1 branch of the dungeon, and saw 9 of its levels.

You collected 487 gold pieces.

Inventory:

Hand Weapons
 a - a +0 flail
 E - a +0 morningstar
 I - a +2 flail of protection (weapon)
Missiles
 e - a throwing net (quivered)
Armour
 r - the +18 shield of the Gong {rElec rN+ MR+ EV-5}
   (You found it on level 4 of the Dungeon)

   It affects your evasion (-5).
   It insulates you from electricity.
   It protects you from negative energy.
   It affects your resistance to hostile enchantments.
 s - a +0 shield (worn)
 u - a +0 pair of gloves (worn)
 x - a +3 chain mail of fire resistance (worn)
 L - a +0 cloak of poison resistance (worn)
Jewellery
 q - an amulet of guardian spirit (around neck)
 w - a ring of protection from fire (left hand)
Wands
 y - a wand of disintegration (10)
 A - a wand of random effects (21)
 C - a wand of iceblast (7)
Scrolls
 b - a scroll of fog {unknown}
 c - a scroll of vulnerability {unknown}
 g - a scroll of magic mapping {unknown}
 j - 2 scrolls of fear {unknown}
 k - 3 scrolls of teleportation
 l - 2 scrolls of enchant armour
 m - 3 scrolls of remove curse
 D - a scroll of amnesia {unknown}
 F - a scroll of brand weapon {unknown}
 G - a scroll of immolation {unknown}
 H - a scroll of enchant weapon {unknown}
 M - a scroll of identify
Potions
 d - a potion of might
 h - a potion of magic {unknown}
 i - 2 potions of mutation
 n - 2 potions of flight {unknown}
 o - 2 potions of heal wounds {unknown}
 p - a potion of berserk rage {unknown}
 t - 2 potions of curing
 v - a potion of degeneration {unknown}
 z - a potion of haste {unknown}
 B - 2 potions of lignification {unknown}
 K - a potion of cancellation {unknown}
Comestibles
 f - 16 rations
 J - 18 chunks of flesh


   Skills:
 + Level 8.2 Fighting
 * Level 9.9 Maces & Flails
 + Level 8.2 Armour
 + Level 8.2 Shields


You had 9 spell levels left.
You didn't know any spells.
Your spell library contained the following spells:

 Spells                   Type           Power        Failure   Level  Hunger
 Confusing Touch          Hex            #.....       99%         1    ##.....
 Summon Small Mammal      Summ           #...         99%         1    ##.....
 Call Imp                 Summ           #.......     100%        2    ###....
 Call Canine Familiar     Summ           #.......     100%        3    ####...
 Confuse                  Hex            #.......     100%        3    ####...
 Gell's Gravitas          Tloc           #.........   100%        3    ####...
 Summon Guardian Golem    Hex/Summ       #.......     100%        3    ####...
 Petrify                  Tmut/Erth      #.......     100%        4    #####..
 Summon Ice Beast         Ice/Summ       #.......     100%        4    #####..
 Summon Lightning Spire   Summ/Air       #.......     100%        4    #####..
 Metabolic Englaciation   Hex/Ice        #.........   100%        5    ######.
 Yara's Violent Unravell  Hex/Tmut       #.........   100%        5    ######.


Dungeon Overview and Level Annotations

Branches:
Dungeon (9/15)             Temple (0/1) D:7
   Lair: D:8-11         Orc: D:9-12

Altars:
Cheibriados
Dithmenos
Fedhas
Gozag
Hepliaklqana
Kikubaaqudgha
Makhleb
Okawaru
Qazlal
Sif Muna
Trog
Uskayaw
Vehumet
Xom
Yredelemnul
The Shining One


Innate Abilities, Weirdness & Mutations

You are resistant to torment.
Your stone body is resilient. (AC +7)
You are immune to poison.
You resist negative energy. (rN+)
You are resistant to electric shocks. (rElec)
You can survive without breathing.
You are immune to petrification.
You are immune to rotting.
Your life essence is reduced to manifest your ancestor. (-10% HP)


Message History

You sock the death yak!
The death yak is severely wounded.
You block the bullfrog's attack.
The hell rat bites Kammani.
The bullfrog hits you.
Kammani hits the death yak with a +0 dagger of draining!
The death yak gores you!
* * * LOW HITPOINT WARNING * * *
You hit the death yak but do no damage.
The death yak is severely wounded.
The bullfrog hits you but does no damage.
The rat closely misses Kammani.
Kammani hits the death yak with a +0 dagger of draining.
The death yak gores you but does no damage.
You thump the death yak!
The death yak is almost dead.
The bullfrog hits you but does no damage.
The rat barely misses Kammani.
You block the bullfrog's attack.
Kammani hits the death yak with a +0 dagger of draining.
The death yak gores you!
You die...

###..#####...##..#..#.
####..######.###......
##.........#....# .# ..
##.........####W##.##.#
##.........# #.Rr....#
#.........# ##YS.#..#
#.........# #Y###
#####)##### #Y# ##...#
#@# #..### #F# ###)##
#z# #...#


zz# ..### .#. ### .. . <# .. . .# ... .| .# You could see the friendly Kammani
the hexer, 3 death yaks, a phantom, a bullfrog, 3 wights, an adder and a rat.

Vanquished Creatures
  Psyche (D:9)
  Eustachio (D:4)
  Menkaure (D:5)
  2 orc warriors
  A hornet zombie (D:6)
  A necrophage (D:7)
  An ice beast (D:7)
  A sky beast (D:9)
  4 ogres
  A phantom (D:7)
  A centaur (D:7)
  4 bullfrogs
  A gnoll sergeant (D:8)
  2 scorpions
  10 killer bees
  A wight (D:9)
  4 howler monkeys
  A centaur zombie (D:9)
  6 crimson imps
  A quasit (D:8)
  An orc priest (D:6)
  A bullfrog skeleton (D:5)
  A jelly (D:7)
  A gnoll shaman (D:6)
  2 hounds
  A centaur skeleton (D:7)
  2 iguanas
  Crazy Yiuf (D:3)
  Ijyb (D:5)
  2 orc wizards (D:5)
  A hell rat (D:9)
  4 worker ants
  A killer bee zombie (D:6)
  A hound zombie (D:5)
  4 gnolls
  5 adders
  A river rat (D:9)
  An adder zombie (D:5)
  A worm (D:2)
  2 dart slugs (D:3)
  4 leopard geckos
  22 orcs
  A ball python (D:1)
  5 bats
  A giant cockroach (D:8)
  13 goblins
  8 hobgoblins
  5 jackals
  3 kobolds
  7 quokkas
  4 frilled lizards
  A leopard gecko zombie (D:7)
  6 rats
159 creatures vanquished.

Vanquished Creatures (collateral kills)
  Maurice (D:9)
  2 sky beasts (D:7)
  A black bear (D:9)
  An ogre (D:5)
  A bullfrog (D:6)
  A killer bee (D:6)
  2 wights (D:9)
  A howler monkey (D:9)
  2 orc priests (D:6)
  A hound (D:9)
  A jelly (D:7)
  A centaur skeleton (D:4)
  3 orc wizards
  2 iguanas (D:8)
  3 worker ants
  5 gnolls
  5 adders
  A worm (D:4)
  15 orcs
  2 giant cockroaches
  A jackal (D:3)
  2 quokkas
  2 frilled lizards
  A rat (D:3)
57 creatures vanquished.

Vanquished Creatures (others)
  3 hexers
3 creatures vanquished.

Grand Total: 219 creatures vanquished

Notes
Turn   | Place    | Note
-------+----------+-------------------------------------------
     0 | D:1      | MachJacob the Gargoyle Fighter began the quest for the Orb.
     0 | D:1      | Reached XP level 1. HP: 14/14 MP: 1/1
    67 | D:1      | Reached XP level 2. HP: 17/19 MP: 2/2
   477 | D:1      | Reached XP level 3. HP: 23/23 MP: 3/3
   841 | D:2      | Found a shimmering altar of Xom.
   842 | D:2      | Found a hazy altar of Hepliaklqana.
   842 | D:2      | Noticed an earth elemental
   843 | D:2      | Noticed an earth elemental
   843 | D:2      | Noticed a spectral ugly thing
   926 | D:2      | Became a worshipper of Hepliaklqana the Forgotten
   966 | D:2      | Found a bloodstained altar of Trog.
  1039 | D:2      | Found a basalt altar of Yredelemnul.
  1150 | D:2      | Reached skill level 3 in Maces & Flails
  1435 | D:3      | Found a shadowy altar of Dithmenos.
  1521 | D:3      | Reached XP level 4. HP: 26/26 MP: 4/4
  1580 | D:3      | Reached * piety under Hepliaklqana
  1593 | D:3      | Found a glowing golden altar of the Shining One.
  1840 | D:3      | Found a faded altar of an unknown god.
  1989 | D:3      | Found a runed translucent door.
  1990 | D:3      | Noticed Crazy Yiuf
  2030 | D:3      | Found a burning altar of Makhleb.
  2030 | D:3      | Noticed an Executioner
  2239 | D:3      | Killed Crazy Yiuf
  2239 | D:3      | Reached XP level 5. HP: 28/29 MP: 5/5
  2355 | D:4      | Noticed Eustachio
  2373 | D:4      | Killed Eustachio
  2373 | D:4      | Reached skill level 4 in Maces & Flails
  2373 | D:4      | Reached XP level 6. HP: 32/35 MP: 6/6
  2670 | D:4      | Reached ** piety under Hepliaklqana
  2723 | D:4      | Remembered your ancestor Kammani as a hexer
  2797 | D:4      | Found the +18 shield of the Gong {rElec rN+ MR+ EV-5}
  2984 | D:5      | Entered Level 5 of the Dungeon
  3010 | D:5      | Noticed Ijyb
  3040 | D:4      | Reached XP level 7. HP: 39/39 MP: 7/7
  3226 | D:5      | Reached skill level 5 in Maces & Flails
  3238 | D:5      | Killed Ijyb
  3262 | D:5      | Reached skill level 5 in Fighting
  3262 | D:5      | Reached skill level 5 in Armour
  3262 | D:5      | Reached skill level 5 in Shields
  3519 | D:5      | Noticed Menkaure
  3542 | D:5      | Killed Menkaure
  3542 | D:5      | Reached XP level 8. HP: 27/44 MP: 4/8
  3751 | D:5      | Found a hide-covered altar of Uskayaw.
  4163 | D:6      | Reached *** piety under Hepliaklqana
  4172 | D:6      | Reached skill level 6 in Maces & Flails
  4667 | D:6      | Reached skill level 7 in Maces & Flails
  5030 | D:6      | Reached XP level 9. HP: 43/50 MP: 5/9
  5431 | D:7      | Reached skill level 8 in Maces & Flails
  5554 | D:7      | Found an ancient bone altar of Kikubaaqudgha.
  5610 | D:7      | Found a radiant altar of Vehumet.
  5707 | D:7      | Found a blossoming altar of Fedhas.
  5729 | D:7      | Found a stormy altar of Qazlal.
  5921 | D:7      | Found a deep blue altar of Sif Muna.
  5946 | D:7      | Found an iron altar of Okawaru.
  6009 | D:7      | Found a staircase to the Ecumenical Temple.
  6305 | D:8      | Reached **** piety under Hepliaklqana
  6370 | D:7      | Reached skill level 9 in Maces & Flails
  6378 | D:7      | Reached XP level 10. HP: 31/56 MP: 4/10
  6960 | D:9      | Noticed Psyche
  6974 | D:9      | Killed Psyche
  7010 | D:9      | Found an opulent altar of Gozag.
  7016 | D:9      | Found a snail-covered altar of Cheibriados.
  7067 | D:9      | Noticed Maurice
  7099 | D:9      | Killed Maurice
  7184 | D:9      | Noticed a death yak
  7190 | D:9      | Noticed a death yak
  7191 | D:9      | Noticed a death yak
  7214 | D:9      | Slain by a death yak

Skill      XL: |  1  2  3  4  5  6  7  8  9 10 |
---------------+-------------------------------+-----
Maces & Flails | 3 4 5 7 9 |  9.9
Fighting       | 4 5 6 7 8 |  8.2
Armour         | 4 5 6 7 8 |  8.2
Shields        | 4 5 6 7 8 |  8.2

Action                   |  1- 3 |  4- 6 |  7- 9 | 10-12 || total
-------------------------+-------+-------+-------+-------++-------
Melee: Flail             |   116 |   122 |   427 |   149 ||   814
Invok: Ancestor Identity |     1 |       |       |       ||     1
       Ancestor Life: He |       |     1 |       |       ||     1
       Recall Ancestor   |       |       |     1 |     1 ||     2
  Use: Scroll            |     1 |     2 |     5 |     2 ||    10
       Potion            |       |       |       |     1 ||     1
 Stab: Confused          |       |       |     5 |     2 ||     7
  Eat: Chunk             |     2 |     5 |    11 |     3 ||    21
Armor: Scale mail        |    57 |    36 |       |       ||    93
       Chain mail        |       |    13 |   266 |    87 ||   366
Dodge: Dodged            |    21 |    25 |   108 |    32 ||   186
Block: Shield            |    57 |    70 |   250 |    85 ||   462
